 Dungeon Crawl Stone Soup version 0.32-a0-39-g5c88369fb2 (webtiles) character file.

Game seed: 10583651981187825132

12329 daxdoom the Severer (level 11, 0/110 HPs)
             Began as a Minotaur Berserker on Jan 29, 2024.
             Was a High Priest of Trog.
             Slain by a two-headed ogre
             ... wielding a +0 halberd
              (5 damage)
             ... in a bailey.
             The game lasted 00:38:13 (10434 turns).

daxdoom the Severer (Minotaur Berserker)           Turns: 10434, Time: 00:38:13

Health: 0/110      AC: 14    Str: 29    XL:     11   Next: 61%
Magic:  10/10      EV:  7    Int:  4    God:    Trog [*****.]
Gold:   620        SH: 10    Dex: 13    Spells: 10/10 levels left

rFire   + + +        M - +5 broad axe
rCold   + . .        Q - +3 kite shield of Thoughtfulness {rF++}
rNeg    . . .        b - +0 plate armour
rPois   .            L - +1 hat {Will+}
rElec   .            T - scarf {rC+ rF+}
rCorr   .            (no gloves)
SInv    .            y - +0 pair of boots {Fly}
Will    +....        (no amulet) Stlth
                     u - +6 ring of strength
HPRegen 0.38/turn    (no ring)
MPRegen 0.12/turn

%: no passive effects
@: flying
A: horns 2, retaliatory headbutt
a: Renounce Religion, Berserk, Trog's Hand, Brothers in Arms


You were in a bailey.
You worshipped Trog.
Trog was extremely pleased with you.
You visited 2 branches of the dungeon, and saw 11 of its levels.
You also visited: Bailey.

You collected 675 gold pieces.
You spent 55 gold pieces at shops.

Inventory:

Hand Weapons
 e - a +0 war axe
 w - a +4 battleaxe
 M - a +5 broad axe (weapon)
Missiles
 k - 2 throwing nets (quivered)
 m - 12 boomerangs
 r - 3 silver javelins
Armour
 b - a +0 plate armour (worn)
 v - a +0 cloak
 y - a +0 pair of boots of flying (worn)
 H - a +0 kite shield
 L - a +1 hat of willpower (worn)
 Q - the +3 kite shield of Thoughtfulness (worn) {rF++}
   (You found it on level 9 of the Dungeon)

   rF++:      It greatly protects you from fire.
 T - a scarf of resistance (worn)
Jewellery
 i - a ring of fire
 u - a +6 ring of strength (left hand)
 B - an amulet of magic regeneration
Wands
 q - a wand of mindburst (13)
 x - a wand of paralysis (9)
 S - a wand of polymorph (5)
Scrolls
 h - 3 scrolls of butterflies
 j - 4 scrolls of teleportation
 o - 2 scrolls of enchant weapon {unknown}
 s - 2 scrolls of noise {unknown}
 t - a scroll of enchant armour {unknown}
 A - a scroll of amnesia {unknown}
 C - a scroll of fear {unknown}
 D - a scroll of acquirement {unknown}
 E - a scroll of torment {unknown}
 N - 3 scrolls of revelation {unknown}
 O - 2 scrolls of vulnerability {unknown}
 R - 2 scrolls of brand weapon {unknown}
Potions
 a - 7 potions of curing
 d - 3 potions of lignification
 f - 3 potions of heal wounds {unknown}
 g - 2 potions of berserk rage {unknown}
 l - 5 potions of might
 n - a potion of magic {unknown}
 p - a potion of ambrosia {unknown}
 z - a potion of invisibility {unknown}
 F - 2 potions of enlightenment {unknown}
 G - a potion of brilliance {unknown}
 I - a potion of degeneration {unknown}
 J - a potion of haste {unknown}
 K - a potion of cancellation {unknown}
 P - a potion of mutation {unknown}


   Skills:
 + Level 14.0 Fighting
 + Level 17.0 Axes
 - Level 5.0 Armour
 - Level 2.1 Dodging


You had 10 spell levels left.
You didn't know any spells.
Your spell library was empty.

Dungeon Overview and Level Annotations

Branches:
Dungeon (10/15)            Temple (1/1) D:7            Lair (0/5) D:10
 Bailey (1/1)
    Orc: D:9-12

Altars:
Ashenzari
Cheibriados
Dithmenos
Elyvilon
Fedhas
Gozag
Hepliaklqana
Kikubaaqudgha
Makhleb
Nemelex Xobeh
Okawaru
Qazlal
Ru
Sif Muna
Trog
Uskayaw
Vehumet
Wu Jian
Xom
Yredelemnul
Zin
The Shining One

Shops:
D:1 ?   D:2 [


Innate Abilities, Weirdness & Mutations

You have a pair of horns on your head.
You reflexively headbutt those who attack you in melee.


Message History

You slice the spriggan!! The spriggan barely misses you.
The spriggan hits you with a +0 spear!
Things that are here:
a +0 spear; a spriggan corpse You barely miss the spriggan.
The spriggan is almost dead.
The spriggan hits you but does no damage.
You miss the spriggan. You headbutt the spriggan.
You kill the spriggan!
Trog accepts your kill.
You hear a splash.
Your Fighting skill increases to level 14!
Things that are here:
a +0 trident; a +0 halberd You start resting.
A two-headed ogre comes into view. It is wielding two +0 halberds.
You start resting.
A two-headed ogre is nearby!
The two-headed ogre hits you with a +0 halberd!!
The two-headed ogre hits you with a +0 halberd!
The two-headed ogre hits you with a +0 halberd!!
* * * LOW HITPOINT WARNING * * *
The two-headed ogre completely misses you.
Things that are here:
a +0 trident; a +0 halberd You hit the two-headed ogre.
The two-headed ogre is lightly wounded.
You hit the two-headed ogre.
The two-headed ogre is lightly wounded.
The two-headed ogre hits you with a +0 halberd!!
* * * LOW HITPOINT WARNING * * *
You block the two-headed ogre's attack.
You closely miss the two-headed ogre.
The two-headed ogre is lightly wounded.
You completely miss the two-headed ogre.
The two-headed ogre is lightly wounded.
The two-headed ogre hits you with a +0 halberd!
* * * LOW HITPOINT WARNING * * *
The two-headed ogre hits you with a +0 halberd.
You die...

##..##♣####..##
##..##.. ♣#..##
##..♣♣.. #♣..##
#...# . ##..#
#...#.♣ #..~
#.)~#.♣ #..~
#.)~~.♣ #..~
#.))#.♣ #..~
#.@O♣.♣ #..~
#...# . #.)#
##..##.. #..##
##..##.. #..#
##..#♣## ♣..#
##.........#
#.......#
#######


You could see a two-headed ogre.

Vanquished Creatures
  Gastronok (D:8)
  A two-headed ogre (D:9)
  2 death yaks (D:10)
  Pikel (D:4)
  A tengu conjurer (D:8)
  A hornet (D:9)
  A shadow (D:5)
  4 spriggans (Bailey)
  2 wyverns
  A wraith (D:10)
  15 yaks
  A basilisk (D:8)
  2 vampire mosquitoes (D:10)
  2 steam dragons
  2 water moccasins
  An ice beast (D:5)
  4 black bears
  3 orc warriors
  3 centaurs
  5 ogres
  2 lemures (D:4)
  A kobold brigand (D:8)
  A phantom (D:7)
  A gnoll sergeant (D:3)
  2 bullfrogs
  2 scorpions
  17 wights
  8 killer bees
  3 howler monkeys
  2 bombardier beetles
  2 hounds
  A jelly (D:3)
  A gnoll bouda (D:8)
  7 orc priests
  An iguana (D:6)
  A sleepcap (D:7)
  Crazy Yiuf (D:4)
  Natasha (thrice) (D:2)
  4 orc wizards
  2 hell rats (D:10)
  25 gnolls
  10 adders
  A white imp (D:4)
  2 ufetubi (D:7)
  A ribbon worm (D:3)
  A dart slug (D:3)
  43 orcs
  4 bats
  10 endoplasms
  4 giant cockroaches
  7 goblins
  10 hobgoblins
  18 jackals
  7 quokkas
  8 ball pythons
  A frilled lizard (D:1)
  16 kobolds
  6 rats
289 creatures vanquished.

Notes
Turn   | Place    | Note
-------+----------+-------------------------------------------
     0 | D:1      | daxdoom the Minotaur Berserker began the quest for the Orb.
     0 | D:1      | Reached XP level 1. HP: 19/19 MP: 0/0
    66 | D:1      | Reached skill level 4 in Axes
   113 | D:1      | Reached XP level 2. HP: 27/27 MP: 1/1
   262 | D:1      | Found Ubaokat's Magic Scroll Shop.
   314 | D:1      | Reached XP level 3. HP: 33/33 MP: 2/2
   393 | D:1      | Reached ** piety under Trog
  1008 | D:2      | Reached skill level 5 in Axes
  1015 | D:2      | Noticed Natasha
  1029 | D:2      | Killed Natasha
  1030 | D:2      | Reached XP level 4. HP: 41/41 MP: 3/3
  1074 | D:2      | Noticed Natasha
  1082 | D:2      | Killed Natasha
  1131 | D:2      | Found Belealuw's Antique Armour Shoppe.
  1224 | D:2      | Noticed Natasha
  1231 | D:2      | Killed Natasha
  1232 | D:2      | Reached skill level 5 in Fighting
  1232 | D:2      | Reached skill level 6 in Axes
  1232 | D:2      | Reached XP level 5. HP: 46/48 MP: 4/4
  1392 | D:2      | Found a faded altar of an unknown god.
  1533 | D:1      | Bought a scroll of teleportation for 33 gold pieces
  1533 | D:1      | Bought a scroll of identify for 22 gold pieces
  1768 | D:3      | Reached *** piety under Trog
  1817 | D:3      | Reached XP level 6. HP: 31/56 MP: 5/5
  2060 | D:3      | Reached skill level 7 in Axes
  2251 | D:3      | Reached skill level 8 in Axes
  2273 | D:3      | HP: 4/85 [gnoll/+0 spear (2)]
  2274 | D:3      | Reached XP level 7. HP: 4/63 MP: 6/6
  2520 | D:3      | Reached **** piety under Trog
  3054 | D:3      | Reached skill level 9 in Axes
  3800 | D:4      | Noticed Pikel
  3818 | D:4      | Killed Pikel
  3819 | D:4      | Reached skill level 10 in Axes
  3819 | D:4      | Reached skill level 5 in Armour
  3819 | D:4      | Reached XP level 8. HP: 37/70 MP: 7/7
  3978 | D:4      | Reached skill level 11 in Axes
  4387 | D:4      | Found an ornate altar of the Wu Jian Council.
  4392 | D:4      | Found a basalt altar of Yredelemnul.
  4456 | D:4      | Found a hide-covered altar of Uskayaw.
  4464 | D:4      | Found an iron altar of Okawaru.
  4468 | D:4      | Found a glowing golden altar of the Shining One.
  4631 | D:4      | Found a runed translucent door.
  4632 | D:4      | Noticed Crazy Yiuf
  4637 | D:4      | Killed Crazy Yiuf
  4676 | D:5      | Entered Level 5 of the Dungeon
  5144 | D:5      | Reached skill level 12 in Axes
  5483 | D:6      | You are sucked into a shaft and drop 2 floors!
  5497 | D:8      | Reached XP level 9. HP: 50/79 MP: 8/8
  5513 | D:8      | Reached ***** piety under Trog
  5548 | D:8      | Noticed a tengu conjurer
  5559 | D:8      | Killed a tengu conjurer
  5560 | D:8      | Reached skill level 13 in Axes
  5991 | D:8      | Found a shadowy altar of Dithmenos.
  6553 | D:7      | Reached skill level 14 in Axes
  6973 | D:7      | Reached XP level 10. HP: 81/88 MP: 9/9
  6979 | D:7      | Reached skill level 10 in Fighting
  7542 | D:7      | Found a staircase to the Ecumenical Temple.
  7616 | Temple   | Entered the Ecumenical Temple
  7737 | D:8      | Noticed Gastronok
  7751 | D:8      | Killed Gastronok
  7752 | D:8      | Reached skill level 15 in Axes
  8200 | D:8      | Found an opulent altar of Gozag.
  8238 | D:8      | Received a gift from Trog
  8274 | D:8      | Found a sacrificial altar of Ru.
  8421 | D:8      | Found a bloodstained altar of Trog.
  8620 | D:9      | Identified the +3 kite shield of Thoughtfulness {rF++}
  8774 | D:9      | Reached XP level 11. HP: 88/105 MP: 10/10
  8786 | D:9      | Reached skill level 16 in Axes
  9019 | D:9      | Noticed a two-headed ogre
  9028 | D:9      | Killed a two-headed ogre
  9782 | D:10     | Entered Level 10 of the Dungeon
  9844 | D:10     | Found a staircase to the Lair.
  9844 | D:10     | Noticed a death yak
  9844 | D:10     | Noticed a death yak
  9846 | D:10     | Noticed a death yak
  9852 | D:10     | Killed a death yak
  9858 | D:10     | Killed a death yak
 10162 | D:10     | Noticed a deep elf pyromancer
 10239 | D:10     | Found a flagged portal.
 10262 | Bailey   | Entered a bailey
 10376 | Bailey   | Reached skill level 17 in Axes
 10408 | Bailey   | Noticed a two-headed ogre
 10434 | Bailey   | HP: 5/110 [two-headed ogre/+0 halberd (14)]
 10434 | Bailey   | Slain by a two-headed ogre

Illustrated notes

Levels and vault maps discovered:
D:1:      minmay_arrival_four_houses, layout_basic, serial_shops,
          nicolae_shop_waterfront
D:2:      layout_basic, serial_shops, shop, shapermc_ecumenical_altar_acropolis,
          uniq_natasha
D:3:      lemuel_castle_with_subvaults [lemuel_castle_interior_original],
          layout_basic, eino_tiny_chamber
D:4:      nicolae_BIG_FREAKIN_CUBE, layout_basic,
          minmay_overflow_temple_star_hex, kennysheep_generic_room_12,
          uniq_crazy_yiuf_cottage, uniq_pikel
D:5:      layout_loops_ring
D:6:      layout_loops_ring
D:7:      layout_loops_ring, temple_hall, amcnicky_mini_pool_medium
D:8:      kennysheep_blocky_room, layout_gridville,
          grunt_dithmenos_smoke_and_mirrors,
          mainiacjoe_overflow_six_doors_small, trog_hazing_becter,
          nicolae_ru_awakened_eye, uniq_gastronok
D:9:      layout_basic
D:10:     layout_basic, dpeg_lair_monsters, lightli_bailey_entry_fortress,
          onia_ninara_dug_in_and_dangerous
Temple:   compressed_dpeg_triangle_lava_temple
Bailey:   bailey_polearm_enchanted_keep_hellmonk, bailey

Skill      XL: |  1  2  3  4  5  6  7  8  9 10 11 |
---------------+----------------------------------+-----
Axes           | 4 5 6 8 10 12 14 15 17 | 17.0
Fighting       | 4 5 6 7 9 12 14 | 14.0
Armour         | 3 5 |  5.0
Dodging        | |  2.1

Action                     |  1- 3 |  4- 6 |  7- 9 | 10-12 || total
---------------------------+-------+-------+-------+-------++-------
  Melee: Hand axe          |    89 |    91 |       |       ||   180
         Headbutt          |     9 |    23 |    43 |    55 ||   130
         Punch             |     4 |       |     5 |       ||     9
         War axe           |       |    56 |   190 |       ||   246
         Battleaxe         |       |       |    61 |    61 ||   122
         Broad axe         |       |       |       |   141 ||   141
 Invoke: Berserk           |       |     1 |     1 |       ||     2
    Use: Scroll            |       |     2 |     2 |     2 ||     6
 Armour: Scale mail        |     6 |       |       |       ||     6
         Plate armour      |    43 |   142 |   212 |   159 ||   556
  Dodge: Dodged            |    36 |    61 |   110 |    66 ||   273
  Block: Kite shield       |       |       |       |    68 ||    68

Table legend: (Time is in decaauts)
 A = Elapsed time spent in this place.
 B = Non-inter-level travel time spent in this place.
 C = Inter-level travel time spent in this place.
 D = Time resting spent in this place.
 E = Time spent auto-exploring this place.
 F = Levels seen in this place.
 G = Mean time per level.
                   A        B        C        D        E       F      G
               +--------+--------+--------+--------+--------+-----+--------+
         Total |  10465 |  10131 |    334 |   2032 |   5134 |  12 |  872.1 |
       Dungeon |  10293 |   9959 |    334 |   1936 |   5134 |  10 | 1029.3 |
        Temple |      1 |      1 |      0 |      0 |      0 |   1 |    1.0 |
        Bailey |    170 |    170 |      0 |     96 |      0 |   1 |  170.0 |
               +--------+--------+--------+--------+--------+-----+--------+

Top non-repeatable levels by time:
     D:3: 2061 daAuts
     D:7: 1404 daAuts
     D:8: 1207 daAuts
     D:9: 1200 daAuts
     D:4: 1069 daAuts
     D:1: 1011 daAuts
     D:5: 668 daAuts
     D:6: 616 daAuts
     D:2: 578 daAuts
    D:10: 475 daAuts
  Bailey: 170 daAuts
  Temple: 1 daAuts
